 Dungeon Crawl Stone Soup version 0.18-a0-1577-gf591c28 (webtiles) character file.

193 Ijustatesigmund the Insei (level 5, 0/36 HPs)
             Began as an Octopode Transmuter on Mar 19, 2016.
             Killed from afar by an orc wizard (6 damage)
             ... with a magic dart
             ... on level 4 of the Dungeon.
             The game lasted 00:05:55 (3087 turns).

Ijustatesigmund the Insei (Octopode Transmuter)     Turns: 3087, Time: 00:05:57

Health: 0/36       AC:  2    Str:  9    XL:     5   Next: 72%
Magic:  7/8        EV: 12    Int: 16    God:
Gold:   154        SH:  0    Dex: 13    Spells: 3 memorised, 2 levels left

rFire  . . .     SeeInvis +       - Unarmed
rCold  + . .     Gourm    .     (no shield)
rNeg   . . .     Faith    .     (helmet restricted)
rPois  +         Spirit   .     (no amulet)
rElec  .         Dismiss  .     i - ring of protection from cold
rCorr  .         Reflect  .     f - +1 ring of protection
SustAt .         Harm     .     k - ring of see invisible
MR     .....                    m - ring of poison resistance
Stlth  ++........               (no ring)
                                (no ring)
                                (no ring)
                                (no ring)

@: appendage, not resistant to hostile enchantments, unstealthy
A: almost no armour, amphibious, 8 rings, constrict 8, tentacle spike 3,
camouflage 1, gelatinous body 1
a: End Transformation


You were on level 4 of the Dungeon.
You were very hungry.
One of your tentacles had a temporary spike.
You visited 1 branch of the dungeon, and saw 4 of its levels.

You collected 154 gold pieces.

Inventory:

Missiles
 a - 10 arrows
 p - 17 arrows of frost
Jewellery
 f - a +1 ring of protection (right tentacle)
 i - a ring of protection from cold (left tentacle)
 k - a ring of see invisible (on tentacle)
 m - a ring of poison resistance (on tentacle)
Scrolls
 h - a scroll of amnesia
 l - a scroll of magic mapping
 n - a scroll of fog
 o - a scroll of identify
 s - a scroll of immolation {unknown}
Potions
 e - 2 potions of degeneration {unknown}
 j - a potion of curing
 q - a potion of flight {unknown}
 r - a potion of heal wounds {unknown}
Books
 b - a book of Changes

   Spells                             Type                      Level
   a - Beastly Appendage              Transmutation                1
   b - Sticks to Snakes               Transmutation                2
   c - Spider Form                    Transmutation/Poison         3
   d - Ice Form                       Ice/Transmutation            4
   e - Blade Hands                    Transmutation                5
Comestibles
 c - 3 bread rations
 d - 4 meat rations
 g - a beef jerky


   Skills:
 + Level 3.3 Fighting
 - Level 2.0 Dodging
 + Level 4.3 Unarmed Combat
 - Level 2.0 Spellcasting
 + Level 2.6 Transmutations
 - Level 2.2 Poison Magic


You had 2 spell levels left.
You knew the following spells:

 Your Spells              Type           Power        Failure   Level  Hunger
a - Beastly Appendage     Trmt           #.....       10%         1    #......
b - Sticks to Snakes      Trmt           #.......     12%         2    ###....
c - Spider Form           Trmt/Pois      #.........   28%         3    ###....


Dungeon Overview and Level Annotations

Branches:
Dungeon (4/15)
 Temple: D:4-7

Altars:
Xom


Innate Abilities, Weirdness & Mutations

You cannot wear most types of armour.
You are amphibious.
You can wear up to eight rings at the same time.
You can use your tentacles to constrict eight enemies at once.
Your skin changes colour to match your surroundings (Stealth).
Your rubbery body absorbs attacks (AC +1).
One of your tentacles bears a large vicious spike.


Message History

Confirm with . or Enter, or press ? or * to list all spells.
One of your tentacles grows a vicious spike.
You constrict the orc wizard. The orc wizard hits you with a dagger.
You completely miss the orc wizard.
You pierce the orc wizard, but do no damage.
The orc wizard is lightly wounded.
You constrict the orc wizard. The orc barely misses you.
The orc wizard hits you with a dagger.
* * * LOW HITPOINT WARNING * * *
You are too injured to fight recklessly!
You are too injured to fight recklessly!
You are too injured to fight recklessly!
You tentacle-slap the orc wizard but do no damage.
Your squeeze misses the orc wizard.
The orc wizard is lightly wounded.
You constrict the orc wizard. The orc hits you with a dagger.
* * * LOW HITPOINT WARNING * * *
The orc wizard casts a spell at you. The magic dart hits you!
You die...

###########.#
#.# #.# #.#
## #.##.#
######....#
#.....)..##
...####.###
#@)# #oo.#
....## #.##.#
#. #.# . #!#
. #.# .# #.#


You could see an orc wizard and an orc.

Vanquished Creatures
  2 orc wizards (D:4)
  A worker ant (D:4)
  4 adders
  A dart slug (D:2)
  8 bats
  6 giant cockroaches
  8 goblins
  9 hobgoblins
  7 jackals
  4 giant newts
  8 kobolds
  14 rats
72 creatures vanquished.

Vanquished Creatures (collateral kills)
  A worm (D:2)
1 creature vanquished.

Grand Total: 73 creatures vanquished

Notes
Turn   | Place    | Note
--------------------------------------------------------------
     0 | D:1      | Ijustatesigmund the Octopode Transmuter began the quest for the Orb.
     0 | D:1      | Reached XP level 1. HP: 13/13 MP: 3/3
   131 | D:1      | Reached XP level 2. HP: 18/18 MP: 5/5
   142 | D:1      | Learned a level 2 spell: Sticks to Snakes
   571 | D:1      | Reached XP level 3. HP: 18/24 MP: 6/6
   658 | D:1      | Learned a level 3 spell: Spider Form
  1290 | D:2      | Reached skill level 1 in Poison Magic
  1433 | D:2      | Reached XP level 4. HP: 30/30 MP: 7/7
  1774 | D:2      | Found a shimmering altar of Xom.
  2966 | D:3      | Reached skill level 4 in Unarmed Combat
  3054 | D:4      | Reached XP level 5. HP: 27/36 MP: 6/8
  3087 | D:4      | Killed from afar by an orc wizard

Vault maps used:
D:1:      evilmike_arrival_rings, minmay_ruptured
D:2:      mumra_celtic_spiral_tile, serial_bayou_lagoon_a, xom_redecorated
D:4:      gup_sewer_entry_pipe

Skill      XL: |  1  2  3  4 |
---------------+-------------+-----
Fighting       | 2 3 |  3.3
Poison Magic   | 1 2 |  2.2
Unarmed Combat | 4 |  4.3
Dodging        | |  2.0
Spellcasting   | |  2.0
Transmutations | |  2.6

Action                   |  1- 3 |  4- 6 || total
-------------------------+-------+-------++-------
Melee: Unarmed           |    98 |    66 ||   164
 Cast: Beastly Appendage |       |     3 ||     3
       Sticks to Snakes  |       |     2 ||     2
  Use: Scroll            |     3 |     4 ||     7
 Stab: Sleeping          |     5 |     5 ||    10
  Eat: Chunk             |     2 |     4 ||     6
